 Dungeon Crawl Stone Soup version 0.30.0-5-g1a98f26d00 (webtiles) character file.

Game seed: 2899548518535152102

7353 Orangeyouglad the Fighter (level 11, -4/87 HPs)
             Began as a Human Delver on May 9, 2023.
             Was a Priest of Jiyva.
             Slain by an orc warrior
             ... wielding a +0 broad axe
              (20 damage)
             ... in a bailey.
             The game lasted 00:30:39 (8348 turns).

Orangeyouglad the Fighter (Human Delver)            Turns: 8348, Time: 00:30:40

Health: -4/87      AC: 14    Str: 14    XL:     11   Next: 35%
Magic:  15/15      EV: 15    Int:  9    God:    Jiyva [***...]
Gold:   391        SH:  0    Dex: 23    Spells: 13/16 levels left

rFire   . . .        x - +3 quarterstaff (chaos)
rCold   . . .        (shield currently unavailable)
rNeg    . . .        C - +2 scale mail {Will+}
rPois   .            (helmet restricted)
rElec   .            s - +0 cloak
rCorr   +            b - +0 pair of gloves
SInv    .            y - +0 pair of boots
Will    +....        n - amulet of magic regeneration
Stlth   +++          (no ring)
HPRegen 1.46/turn    (no ring)
MPRegen 0.89/turn

%: no passive effects
@: no status effects
A: horns 1, camouflage 1, agile 2, sense surroundings 2
a: Renounce Religion, Oozemancy


You were in a bailey.
You worshipped Jiyva.
Jiyva was most pleased with you.
You visited 2 branches of the dungeon, and saw 10 of its levels.
You also visited: Bailey.

You collected 391 gold pieces.

Inventory:

Hand Weapons
 a - a +1 falchion of flaming
 m - a +0 scimitar
 v - a +0 sling
 x - a +3 quarterstaff of chaos (weapon)
 B - a +1 long sword of protection
 D - a +1 morningstar of flaming
Missiles
 z - 5 poisoned darts (quivered)
Armour
 b - a +0 pair of gloves (worn)
 q - a +0 ring mail
 s - a +0 cloak (worn)
 y - a +0 pair of boots (worn)
 C - a +2 scale mail of willpower (worn)
Jewellery
 n - an amulet of magic regeneration (around neck)
Wands
 g - a wand of digging (3)
 E - a wand of polymorph (10)
 F - a wand of mindburst (11)
Scrolls
 c - 2 scrolls of fog
 j - a scroll of blinking
 l - a scroll of amnesia
 p - a scroll of summoning {unknown}
 t - 2 scrolls of vulnerability {unknown}
 A - a scroll of enchant armour {unknown}
Potions
 d - a potion of experience
 h - a potion of lignification
 o - a potion of might
 r - 2 potions of curing
 u - a potion of brilliance
 w - a potion of attraction
 G - a potion of magic {unknown}


   Skills:
 + Level 8.8 Fighting
 - Level 2.2 Long Blades
 - Level 4.1 Maces & Flails
 - Level 5.1 Throwing
 + Level 8.0 Armour
 + Level 8.4 Dodging
 - Level 5.5 Stealth
 - Level 3.0 Spellcasting
 + Level 4.0 Necromancy


You had 13 spell levels left.
You knew the following spells:

 Your Spells              Type           Power      Damage    Failure   Level
a - Vampiric Draining     Necr           8%         2d6       52%         3

Your spell library contained the following spells:

 Spells                   Type           Power      Damage    Failure   Level
 Necrotise                Necr           32%        1d5       21%         1
 Shock                    Conj/Air       4%         1d3       71%         1
 Static Discharge         Conj/Air       2%         2-3/arc   83%         2
 Ozocubu's Armour         Ice            1%         N/A       97%         3
 Agony                    Necr           8%         N/A       99%         5
 Freezing Cloud           Conj/Ice/Air   0%         6-21      100%        5
 Metabolic Englaciation   Hex/Ice        0%         N/A       100%        5
 Conjure Ball Lightning   Conj/Air       0%         3x3d6     100%        6
 Simulacrum               Ice/Necr       2%         N/A       100%        6


Dungeon Overview and Level Annotations

Branches:
Dungeon (9/15)             Temple (1/1) D:7            Lair (0/5) D:8
    Orc (0/2) D:9          Bailey (1/1)

Altars:
Ashenzari
Cheibriados
Dithmenos
Elyvilon
Fedhas
Hepliaklqana
Kikubaaqudgha
Nemelex Xobeh
Okawaru
Qazlal
Ru
Sif Muna
Trog
Uskayaw
Vehumet
Wu Jian
Xom
Yredelemnul
Zin
The Shining One
Jiyva

Shops:
D:5 =


Innate Abilities, Weirdness & Mutations

You have a pair of small horns on your head.
Your skin changes colour to match your surroundings (Stealth+).
You are very agile. (Dex +8, Str/Int -2)
You passively map the area around you.


Message History

The orc warrior goes berserk!
You headbutt the orc warrior, but do no damage.
The orc warrior is heavily wounded.
The orc warrior hits you with a +0 broad axe!
The hobgoblin barely misses you. The orc warrior closely misses you.
The hobgoblin hits you with a +0 hand axe.
You completely miss the orc warrior.
The orc warrior is heavily wounded.
The orc warrior closely misses you. The hobgoblin completely misses you.
You sock the hobgoblin!
You kill the hobgoblin!
The orc warrior barely misses you.
The orc warrior hits you with a +0 broad axe!
You barely miss the gnoll.
The orc warrior hits you with a +0 broad axe!
The orc warrior barely misses you. The gnoll hits you but does no damage.
You hit the gnoll but do no damage.
The orc warrior hits you but does no damage.
The gnoll hits you but does no damage. The orc warrior misses you.
You hit the orc warrior. You burn the orc warrior.
The orc warrior is severely wounded.
The orc warrior hits you with a +0 broad axe!!
The gnoll misses you.
The orc warrior hits you with a +0 broad axe.
You hit the orc warrior.
The orc warrior is almost dead.
The gnoll hits you but does no damage.
The orc warrior hits you with a +0 broad axe!
* * * LOW HITPOINT WARNING * * *
The gnoll hits you but does no damage.
The orc warrior attacks as you move away!
The orc warrior hits you with a +0 broad axe!
* * * LOW HITPOINT WARNING * * *
The orc warrior barely misses you.
Okay, then.
Activating: Oozemancy (28% risk of failure)
Press: ? - help, Dir - look around, f - activate You fail to use your ability.
The orc warrior hits you with a +0 broad axe!!
You die...

≈~.##'#...........#'##.~≈≈≈≈≈≈≈
*
≈~.#..#....._J....#..#.~≈≈≈≈≈≈≈~
≈~.#.8#.........J.#8.#.~≈≈≈≈≈≈≈
≈~.#..#...........#..#.~≈≈≈≈≈≈
≈~.#.8#############8.#.~≈≈≈≈≈≈ ~
≈~.#.....#######...[.#.~≈≈≈≈≈≈
≈~.#.8...#.....#...8.#.~≈≈≈≈≈≈ ~
,#...J.#.....#.....#.~≈≈≈≈≈≈
####..#..⌠..#@.####'#≈≈≈≈≈≈~ *
,,#..'.....o..#....#≈≈≈≈≈≈ ~ ,
#..'....[g..#....#≈≈≈≈≈≈ * *
#####'''#####..###≈≈≈≈≈≈~ *
,,#...........#.)'.# ≈≈≈≈≈~
######~~~~...~~~~###### ≈≈≈≈
~≈≈≈≈≈≈≈≈≈≈...≈≈≈≈≈≈≈ ~~~ ~ ~
≈≈≈≈≈≈≈≈≈≈...≈≈≈≈≈≈≈ ~ ~~~ ~
~≈≈≈≈≈≈≈≈≈≈...≈≈≈≈≈≈≈ ~ ~ *


You could see an orc warrior (berserk, poisoned) and a gnoll.

Vanquished Creatures
  Pikel (D:7)
  Joseph (D:7)
  An elephant (D:8)
  Maggie (D:6)
  A kobold demonologist (Bailey)
  Grinder (D:6)
  2 hornets
  Sigmund (D:6)
  2 wyverns
  10 yaks
  Eustachio (D:5)
  Duvessa (D:5)
  10 orc warriors
  4 sky beasts
  3 black bears (D:8)
  An ice beast (D:5)
  2 centaurs
  A phantom (D:6)
  Blork the orc (D:6)
  2 bullfrogs
  2 scorpions (D:5)
  Dowan (D:5)
  6 howler monkeys
  2 hounds
  Crazy Yiuf (D:3)
  5 orc priests
  Jessica (D:2)
  6 iguanas
  A sleepcap (D:6)
  An orc wizard (D:5)
  3 gnolls
  9 adders
  2 shadow imps (D:6)
  A white imp (D:5)
  2 ufetubi
  A worm (D:2)
  4 dart slugs
  23 orcs
  2 ball pythons (D:1)
  7 bats
  6 endoplasms
  A giant cockroach (D:1)
  9 goblins
  15 hobgoblins
  3 kobolds
  4 quokkas
  4 frilled lizards
  6 rats
175 creatures vanquished.

Vanquished Creatures (others)
  A glowing orange brain (shapeshifter) (D:9)
  A kobold demonologist (Bailey)
  An orc warrior (Bailey)
  A bullfrog (D:8)
  An electric eel (Bailey)
  A hound (D:6)
  22 jellies
  2 orc priests
  Robin (D:2)
  4 gnolls
  3 adders
  A worm (D:2)
  5 orcs
  2 hobgoblins
  2 kobolds (D:3)
  A ball python (D:3)
  A bat (D:3)
  A frilled lizard (D:3)
  8 goblins
59 creatures vanquished.

Grand Total: 234 creatures vanquished

Notes
Turn   | Place    | Note
-------+----------+-------------------------------------------
     0 | D:5      | Orangeyouglad the Human Delver began the quest for the Orb.
     0 | D:5      | Reached XP level 1. HP: 18/18 MP: 1/1
   128 | D:4      | Noticed an iguana
   154 | D:4      | Reached XP level 2. HP: 24/24 MP: 2/2
   435 | D:3      | Found an ancient bone altar of Kikubaaqudgha.
   484 | D:2      | Reached XP level 3. HP: 29/29 MP: 3/3
   562 | D:2      | Noticed Robin
   813 | D:1      | Reached skill level 1 in Spellcasting
   862 | D:1      | Reached XP level 4. HP: 35/35 MP: 5/5
  1151 | D:1      | Found a faded altar of an unknown god.
  1164 | D:1      | Prayed at the altar of an unknown god.
  1164 | D:1      | Became a worshipper of Jiyva Jainn the Shapeless
  1164 | D:1      | Reached * piety under Jiyva
  1403 | D:2      | Reached skill level 1 in Armour
  1403 | D:2      | Noticed Jessica
  1423 | D:2      | Killed Jessica
  1488 | D:2      | Killed Robin
  1580 | D:2      | Reached ** piety under Jiyva
  1885 | D:3      | Found a shimmering altar of Xom.
  1894 | D:3      | Reached XP level 5. HP: 41/41 MP: 6/6
  2012 | D:3      | Found a runed translucent door.
  2013 | D:3      | Noticed Crazy Yiuf
  2354 | D:3      | Killed Crazy Yiuf
  2599 | D:4      | Reached *** piety under Jiyva
  2672 | D:4      | Reached XP level 6. HP: 48/48 MP: 8/8
  2871 | D:4      | Gained mutation: You have a pair of small horns on your
                  | head. [Jiyva's grace]
  2871 | D:4      | Gained mutation: You have a pair of horns on your head.
                  | [Jiyva's grace]
  2871 | D:4      | Gained mutation: You have a pair of large horns on your
                  | head. [Jiyva's grace]
  2871 | D:4      | Gained mutation: Your skin changes colour to match your
                  | surroundings (Stealth+). [Jiyva's grace]
  3038 | D:5      | Found Maefe's Jewellery Shop.
  3125 | D:5      | Reached XP level 7. HP: 38/55 MP: 8/10
  3137 | D:5      | Noticed Eustachio
  3297 | D:5      | Noticed Duvessa
  3309 | D:5      | Noticed Dowan
  3313 | D:5      | Killed Dowan
  3314 | D:5      | Killed Duvessa
  3678 | D:5      | Reached skill level 5 in Fighting
  3726 | D:5      | Killed Eustachio
  3727 | D:5      | Reached XP level 8. HP: 62/62 MP: 12/12
  3961 | D:6      | Noticed Maggie
  4160 | D:6      | Reached **** piety under Jiyva
  4194 | D:6      | Reached skill level 1 in Throwing
  4194 | D:6      | Reached skill level 5 in Dodging
  4276 | D:6      | Noticed Sigmund
  4287 | D:6      | Killed Sigmund
  4329 | D:6      | Noticed Blork the orc
  4338 | D:6      | Killed Blork the orc
  4552 | D:6      | Killed Maggie
  4553 | D:6      | Reached skill level 5 in Armour
  4553 | D:6      | Reached XP level 9. HP: 69/69 MP: 13/13
  5036 | D:6      | Noticed Grinder
  5084 | D:6      | Killed Grinder
  5085 | D:6      | Reached skill level 1 in Maces & Flails
  5123 | D:7      | Noticed a hornet
  5129 | D:7      | Killed a hornet
  5349 | D:7      | Noticed Pikel
  5359 | D:7      | Killed Pikel
  5546 | D:7      | Reached XP level 10. HP: 79/79 MP: 14/14
  5769 | D:7      | Noticed Joseph
  5990 | D:7      | Killed Joseph
  6007 | D:7      | Found a staircase to the Ecumenical Temple.
  6016 | Temple   | Entered the Ecumenical Temple
  6390 | D:8      | Learned a level 3 spell: Vampiric Draining
  6580 | D:8      | Found a stormy altar of Qazlal.
  6586 | D:8      | Found an iron altar of Okawaru.
  6587 | D:8      | Found a glowing golden altar of the Shining One.
  6590 | D:8      | Found a glowing silver altar of Zin.
  6591 | D:8      | Found a broken altar of Ashenzari.
  6717 | D:8      | Reached skill level 5 in Throwing
  6836 | D:8      | Got the Parchment of Ceraunoscopy
  6848 | D:8      | Reached ***** piety under Jiyva
  6928 | D:8      | Noticed an elephant
  7034 | D:8      | Lost mutation: You have a pair of large horns on your head.
                  | [Jiyva's grace]
  7034 | D:8      | Lost mutation: You have a pair of horns on your head.
                  | [Jiyva's grace]
  7034 | D:8      | Gained mutation: You are agile. (Dex +4, Str/Int -1)
                  | [Jiyva's grace]
  7034 | D:8      | Gained mutation: You are very agile. (Dex +8, Str/Int -2)
                  | [Jiyva's grace]
  7034 | D:8      | Gained mutation: You passively map a small area around you.
                  | [Jiyva's grace]
  7034 | D:8      | Gained mutation: You passively map the area around you.
                  | [Jiyva's grace]
  7068 | D:8      | Found a staircase to the Lair.
  7103 | D:8      | Killed an elephant
  7104 | D:8      | Reached skill level 1 in Necromancy
  7624 | D:9      | a yak changed into a glowing shapeshifter
  7624 | D:9      | Noticed a glowing shapeshifter (glowing shapeshifter)
  7624 | D:9      | a glowing shapeshifter changed into a two-headed ogre
  7624 | D:9      | Noticed a two-headed ogre (glowing shapeshifter)
  7625 | D:9      | a two-headed ogre changed into a glowing orange brain
  7625 | D:9      | Noticed a glowing orange brain (glowing shapeshifter)
  7632 | D:9      | Killed a glowing orange brain
  7713 | D:9      | Reached XP level 11. HP: 68/86 MP: 15/15
  7778 | D:9      | Found a flagged portal.
  7787 | Bailey   | Entered a bailey
  8137 | Bailey   | Found an iron altar of Okawaru.
  8143 | Bailey   | Noticed a sun demon
  8348 | Bailey   | Slain by an orc warrior

Illustrated notes

Levels and vault maps discovered:
D:1:      amcnicky_arrival_underground_garden, layout_loops_ring,
          dreamdust_ecumenical_altar_statues
D:2:      layout_basic, uniq_robin, uniq_jessica
D:3:      layout_loops_ring, xom_confusion_cloud,
          mainiacjoe_overflow_tiny_flanked, uniq_crazy_yiuf_cottage
D:4:      layout_loops_ring, serial_bayou_ford_a
D:5:      layout_rooms, serial_shops, shop, kennysheep_opposing_triangles,
          uniq_eustachio, uniq_duvessa, uniq_edmund
D:6:      layout_basic, nicolae_benzene_ring, uniq_grinder, uniq_blork_the_orc,
          uniq_sigmund, uniq_maggie
D:7:      layout_loops_ring, lemuel_temple_firewalk_a, uniq_joseph, uniq_pikel
D:8:      layout_layer_cave, minitemple, david_lair_generic
D:9:      layout_long_grid, orc_0_dummy, enter_bailey_1
Temple:   nicolae_temple_bog_church
Bailey:   bailey_axe_of_yendor_kennysheep, bailey

Skill      XL: |  1  2  3  4  5  6  7  8  9 10 11 |
---------------+----------------------------------+-----
Spellcasting   | 1 2 3 |  3.0
Armour         | 1 2 3 5 6 7 8 |  8.0
Dodging        | 3 4 5 6 7 8 |  8.4
Fighting       | 4 5 6 7 8 |  8.8
Throwing       | 2 4 5 |  5.1
Maces & Flails | 2 4 |  4.1
Necromancy     | 2 4 |  4.0
Long Blades    | |  2.2
Stealth        | |  5.5

Action                     |  1- 3 |  4- 6 |  7- 9 | 10-12 || total
---------------------------+-------+-------+-------+-------++-------
  Melee: Falchion          |    32 |       |       |    57 ||    89
         Scimitar          |    32 |    92 |       |       ||   124
         Quarterstaff      |       |    27 |   148 |   137 ||   312
         Headbutt          |       |     1 |    28 |    60 ||    89
         Morningstar       |       |       |     5 |    31 ||    36
         Punch             |       |       |       |     2 ||     2
  Throw: Dart              |       |       |    13 |       ||    13
 Invoke: Oozemancy         |       |     1 |     3 |     5 ||     9
  Evoke: Wand              |       |     5 |     6 |     3 ||    14
    Use: Scroll            |       |       |       |    10 ||    10
         Potion            |       |       |       |     3 ||     3
   Stab: Sleeping          |     9 |     7 |     3 |     5 ||    24
         Invisible         |       |     1 |     2 |     1 ||     4
         Distracted        |       |       |     1 |     2 ||     3
 Armour: Leather armour    |    14 |       |       |       ||    14
         Ring mail         |    10 |    47 |       |       ||    57
         Scale mail        |       |       |   100 |    94 ||   194
  Dodge: Dodged            |    30 |    61 |   105 |   204 ||   400
